AoeStats
← Mirk

Arena

509667076Analyzed
4v4 RM · 5d ago on Sep 27, 2026· 23m 29s· 8 players
Game mode
Random Map
Map size
Large (8 player)
Population
200
Speed
Normal
Resources
Standard
Victory
Conquest
Starting age
Dark Age
Ending age
Imperial Age
RankedLock teamsTeams togetherTeam positionsShared explorationLock speedFull tech treeHidden civsTurbo modeCheats
Victory
Defeat
🇨🇴 Bengalis · Colombia
1242
+13
🇨🇳 Hindustanis · China
1229
+13
🇯🇵 Mongols · Japan
1178
+15
🇨🇫 Spanish · Central African Republic
1131
+18
🇹🇷 Hindustanis · Türkiye
1188
-16
🇷🇪 Persians · Réunion
1182
-15
🇭🇺 Mongols · Hungary
1169
-15
🇺🇸 Khmer · United States
1130
-13
Mirk
10:37 Feudal Age
15:03 Castle Age
13:45 Horse Collar
13:56 Double-Bit Axe
Apostate of Hate
10:16 Feudal Age
10:01 Loom
14:04 Castle Age
13:45 Horse Collar
13:51 Double-Bit Axe
21:22 Loom
zeron
10:35 Feudal Age
14:29 Castle Age
13:27 Double-Bit Axe
13:23 Horse Collar
14:13 Stone Mining
20:52 Loom
raphael-974-
10:38 Feudal Age
10:50 Loom
11:49 Wheelbarrow
16:10 Castle Age
14:25 Loom
14:42 Horse Collar
21:04 Gold Mining
happykids
10:28 Feudal Age
11:35 Double-Bit Axe
11:47 Gold Mining
14:21 Castle Age
13:01 Stone Mining
15:39 Bow Saw
20:09 Wheelbarrow
21:04 Horse Collar
23:10 Heavy Plow
Dr. Consuegra
10:23 Feudal Age
14:07 Castle Age
12:20 Gold Mining
13:07 Loom
13:29 Double-Bit Axe
13:28 Horse Collar
15:30 Bow Saw
22:35 Fervor
22:46 Sanctity
肥肠拌面
10:11 Feudal Age
11:40 Loom
14:04 Castle Age
11:58 Double-Bit Axe
12:18 Horse Collar
21:24 Bow Saw
22:16 Wheelbarrow
23:50 Hand Cart
cevbv
4:59 Loom
11:55 Feudal Age
12:50 Town Watch
13:11 Horse Collar
13:18 Double-Bit Axe
18:49 Castle Age
17:04 Stone Mining
18:18 Gold Mining
Connection lost

Rejoining the realm…

Still unreachable

The connection could not be restored.

Session expired

The server has moved on; the page needs a fresh start.